 Dungeon Crawl Stone Soup version 0.30-a0-40-gc6d0f036a7 (webtiles) character file.

Game seed: 4787679160098722753

30 ytrimaz the Insei (level 3, -2/23 HPs)
             Began as an Octopode Transmuter on Aug 29, 2022.
             Slain by a rat (3 damage)
             ... on level 2 of the Dungeon.
             The game lasted 00:00:53 (1456 turns).

ytrimaz the Insei (Octopode Transmuter)             Turns: 1456, Time: 00:00:53

Health: -2/23      AC:  1    Str:  9    XL:     3   Next: 18%
Magic:  4/6        EV: 13    Int: 17    God:
Gold:   65         SH:  0    Dex: 12    Spells: 5/6 levels left

rFire   . . .      SeeInvis .      - Unarmed
rCold   . . .      Faith    .    (no shield)
rNeg    . . .      Spirit   .    (helmet currently unavailable)
rPois   .          Reflect  .    (no amulet)
rElec   .          Harm     .    (no ring)
rCorr   .          Rampage  .    (no ring)
Will    .....                    (no ring)
Stlth   ++........               (no ring)
HPRegen 0.07/turn                (no ring)
MPRegen 0.10/turn                (no ring)
                                 (no ring)
                                 (no ring)

@: appendages, hasted, very quick
A: tentacle spike 3, almost no armour, amphibious, 8 rings, camouflage 1,
gelatinous body 1, (nimble swimmer 1), tentacles
a: End Transformation


You were on level 2 of the Dungeon.
One of your tentacles had grown a beastly spike.
You visited 1 branch of the dungeon, and saw 2 of its levels.

You collected 65 gold pieces.

Inventory:

Missiles
 e - a throwing net
Scrolls
 d - a scroll of amnesia
Potions
 a - a potion of lignification
 b - a potion of mutation {unknown}
 c - 2 potions of haste
 f - a potion of curing {unknown}
 g - a potion of attraction {unknown}


   Skills:
 - Level 1.0 Fighting
 - Level 2.0 Dodging
 + Level 4.2 Unarmed Combat
 - Level 2.0 Spellcasting
 - Level 2.0 Transmutations


You had 5 spell levels left.
You knew the following spells:

 Your Spells              Type           Power      Damage    Failure   Level
a - Beastly Appendage     Tmut           16%        N/A       9%          1

Your spell library contained the following spells:

 Spells                   Type           Power      Damage    Failure   Level
 Wereblood                Tmut           8%         N/A       13%         2
 Apportation              Tloc           2%         N/A       19%         1
 Shock                    Conj/Air       4%         1d3       19%         1
 Static Discharge         Conj/Air       2%         3-4/arc   28%         2
 Spider Form              Tmut/Pois      5%         N/A       36%         3
 Swiftness                Air            1%         N/A       50%         3
 Ice Form                 Ice/Tmut       5%         N/A       77%         4
 Airstrike                Air            0%         2d(1-17)  88%         4
 Dispel Undead            Necr           1%         3d6       88%         4
 Sticky Flame             Conj/Fire      1%         2d3       88%         4
 Alistair's Intoxication  Tmut/Pois      3%         N/A       98%         5


Dungeon Overview and Level Annotations

Branches:
Dungeon (2/15)

Altars:
Kikubaaqudgha


Innate Abilities, Weirdness & Mutations

One of your tentacles has grown a beastly spike.
You cannot wear most types of armour.
You are amphibious.
You can wear up to eight rings at the same time.
Your skin changes colour to match your surroundings (Stealth+).
Your rubbery body absorbs attacks. (AC +1, EV +1)
((You are camouflaged when in or above water. (Stealth+)))
You have tentacles for arms and can constrict up to eight enemies at once.


Message History

A worm comes into view.
Unknown command.
The bat hits you but does no damage. The bat hits you. The bat hits you.
You tentacle-slap the bat.
You kill the bat!
Your Unarmed Combat skill increases to level 4!
Unknown command.
You barely miss the adder. Your grab misses the adder. The adder bites you.
One of your tentacles grows a vicious spike.
The adder bites you.
You are poisoned.
The adder poisons you!
You miss the adder. You grab the adder. You constrict the adder.
You feel sick. The adder bites you but does no damage. The adder misses you.
You tentacle-slap the adder.
Your tentacle spike misses the adder.
The adder is moderately wounded.
You constrict the adder. The rat bites you but does no damage.
The adder bites you.
You are too injured to fight recklessly!
You tentacle-slap the adder.
The adder is almost dead.
You constrict the adder.
You kill the adder!
You feel sick. The rat bites you.
* * * LOW HITPOINT WARNING * * *
You have reached level 3!
Your experience leads to an increase in your attributes!
Increase (S)trength, (I)ntelligence, or (D)exterity?
You feel clever. x2
You feel sick. The rat attacks as you move away! The rat bites you.
* * * LOW HITPOINT WARNING * * *
x2 You feel sick.
The rat attacks as you move away! The rat misses you.
* * * LOW HITPOINT WARNING * * *
You feel sick.
You are no longer poisoned.
It was a potion of haste.
You feel yourself speed up. The rat bites you.
You die...

# #. #.#######
## .... ..#
#..##..##.#
........#.######
.........#@....#
......w..r####.#
......††#.# #.#
.)..>...### #.#
......... #.#
......... #.#
........######.#
#..##..## (.#..#
#.# ### ###
#.#.##


You could see a worm and a rat.

Vanquished Creatures
  An adder (D:2)
  2 giant cockroaches (D:1)
  2 goblins (D:1)
  4 hobgoblins
  2 ball pythons
  2 bats (D:2)
  5 frilled lizards
  4 kobolds
22 creatures vanquished.

Notes
Turn   | Place    | Note
-------+----------+-------------------------------------------
     0 | D:1      | ytrimaz the Octopode Transmuter began the quest for the
                  | Orb.
     0 | D:1      | Reached XP level 1. HP: 13/13 MP: 3/3
    22 | D:1      | You fall into a shaft and drop 1 floor!
    22 | D:2      | Found an ancient bone altar of Kikubaaqudgha.
   281 | D:1      | Reached XP level 2. HP: 16/18 MP: 5/5
   340 | D:1      | Found a faded altar of an unknown god.
  1448 | D:2      | Reached skill level 4 in Unarmed Combat
  1453 | D:2      | Reached XP level 3. HP: 6/23 MP: 4/6
  1455 | D:2      | HP: 1/23 [poisoned by an adder]
  1456 | D:2      | Slain by a rat

Illustrated notes

Levels and vault maps discovered:
D:1:      lemuel_arrival_tunnels, layout_basic,
          shapermc_ecumenical_altar_mp_urbaneastern
D:2:      layout_loops_ring, basic_altar, st_stairs_5, minmay_crystal_room

Skill      XL: |  1  2 |
---------------+-------+-----
Unarmed Combat | 4 |  4.2
Fighting       | |  1.0
Dodging        | |  2.0
Spellcasting   | |  2.0
Transmutations | |  2.0

Action                   || total
-------------------------++-------
Melee: Unarmed           ||    49
       Constrict         ||    12
       Tentacles         ||     7
       Punch             ||     3
       Kick              ||     2
 Cast: Beastly Appendage ||     9
  Use: Scroll            ||     2
       Potion            ||     1
 Stab: Sleeping          ||     3
Armor: Skin              ||     6
Dodge: Dodged            ||    34

Table legend: (Time is in decaauts)
 A = Elapsed time spent in this place.
 B = Non-inter-level travel time spent in this place.
 C = Inter-level travel time spent in this place.
 D = Time resting spent in this place.
 E = Time spent auto-exploring this place.
 F = Levels seen in this place.
 G = Mean time per level.
                   A        B        C        D        E       F      G
               +--------+--------+--------+--------+--------+-----+--------+
         Total |   1452 |   1413 |     39 |      0 |   1241 |   2 |  726.0 |
       Dungeon |   1452 |   1413 |     39 |      0 |   1241 |   2 |  726.0 |
               +--------+--------+--------+--------+--------+-----+--------+

Top non-repeatable levels by time:
     D:1: 1314 daAuts
     D:2: 138 daAuts
